 Dungeon Crawl Stone Soup version 0.20.1-1-g8b1a95d (webtiles) character file.

149 Lanoc the Poker (level 5, -4/41 HPs)
             Began as a Merfolk Fighter on Nov 30, 2017.
             Killed from afar by an orc wizard (11 damage)
             ... with a magic dart
             ... on level 4 of the Dungeon.
             The game lasted 00:08:13 (2086 turns).

Lanoc the Poker (Merfolk Fighter)                   Turns: 2086, Time: 00:08:14

Health: -4/41      AC:  6    Str: 22    XL:     5   Next: 31%
Magic:  5/5        EV:  8    Int:  7    God:
Gold:   134        SH:  9    Dex: 14    Spells: 4/4 levels left

rFire    + . .     SeeInvis .   a - +0 trident
rCold    x . .     Gourm    .   c - +0 shield
rNeg     . . .     Faith    .   b - +0 scale mail
rPois    .         Spirit   .   (no helmet)
rElec    .         Reflect  .   (no cloak)
rCorr    .         Harm     .   (no gloves)
MR       .....                  (no boots)
Stlth    ..........             (no amulet)
Regen    0.2/turn               r - ring of fire
MPRegen  0.1/turn               (no ring)

@: mighty
A: change form in water, swift swim, stealthy swim
a: no special abilities


You were on level 4 of the Dungeon.
You were not hungry.

You visited 1 branch of the dungeon, and saw 4 of its levels.

You collected 134 gold pieces.

Inventory:

Hand Weapons
 a - a +0 trident (weapon)
Missiles
 t - 5 tomahawks (quivered)
Armour
 b - a +0 scale mail (worn)
 c - a +0 shield (worn)
Jewellery
 r - a ring of fire (left hand)
Scrolls
 e - 6 scrolls of identify {unknown}
 h - 3 scrolls of enchant armour {unknown}
 j - 3 scrolls of remove curse {unknown}
 n - a scroll of recharging {unknown}
 o - a scroll of magic mapping {unknown}
 q - a scroll of immolation {unknown}
 w - a scroll of blinking {unknown}
 x - a scroll of amnesia {unknown}
 y - a scroll of teleportation {unknown}
Potions
 d - a potion of might
 k - 2 potions of heal wounds {unknown}
 p - a potion of lignification {unknown}
 u - a potion of mutation {unknown}
 v - a potion of degeneration {unknown}
Comestibles
 f - 2 bread rations
 g - a fruit
 i - a meat ration
 m - a chunk of flesh
 s - a royal jelly


   Skills:
 + Level 3.5 Fighting
 * Level 5.2 Polearms
 + Level 2.0 Throwing
 + Level 2.6 Armour
 + Level 2.4 Dodging
 - Level 3.0 Shields


You had 4 spell levels left.
You didn't know any spells.

Dungeon Overview and Level Annotations

Branches:
Dungeon (4/15)
 Temple: D:4-7

Altars:
Elyvilon


Message History

You miss something. You block something's attack. x2
You miss something. Something hits you but does no damage.
You closely miss something.
Something hits you but does no damage. x2
You miss something. Something hits you but does no damage.
You miss something.
Something hits you but does no damage. x2
You barely miss something. Something hits you.
* * * LOW HITPOINT WARNING * * *
Something hits you but does no damage.
You barely miss something. Something hits you.
* * * LOW HITPOINT WARNING * * *
You miss something. Something hits you but does no damage.
You miss something. You block something's attack.
Something hits you but does no damage.
You barely miss something. Something hits you but does no damage.
You hit something. Something hits you but does no damage.
Your scale mail prevents you from hitting something.
You hear some strange, mumbled words.
A magic dart appears from out of thin air!
The magic dart hits you!
You die...

###. ......###
.....##........
.......<.#####.
..#####......>.
..#####.######.
.......!#
..#####o# #{#
#@# #[# #.?
...# ####


You could see an orc.

Vanquished Creatures
  Natasha (D:4)
  3 gnolls (D:4)
  3 adders (D:3)
  An ooze (D:1)
  A worm (D:3)
  5 leopard geckos
  An orc (D:4)
  4 bats
  7 giant cockroaches (D:3)
  3 goblins
  4 hobgoblins
  7 jackals (D:1)
  4 kobolds
  A ball python (D:3)
  3 frilled lizards
  A jackal skeleton (D:3)
  7 rats
56 creatures vanquished.

Notes
Turn   | Place    | Note
-------+----------+-------------------------------------------
     0 | D:1      | Lanoc the Merfolk Fighter began the quest for the Orb.
     0 | D:1      | Reached XP level 1. HP: 18/18 MP: 1/1
   399 | D:1      | Reached XP level 2. HP: 21/24 MP: 2/2
   453 | D:1      | Reached skill level 1 in Throwing
   461 | D:1      | Reached skill level 1 in Dodging
   494 | D:1      | Reached XP level 3. HP: 29/29 MP: 3/3
   577 | D:2      | Found a white marble altar of Elyvilon.
   889 | D:2      | Reached skill level 4 in Polearms
  1277 | D:3      | Reached XP level 4. HP: 35/35 MP: 4/4
  2039 | D:4      | Noticed Natasha
  2062 | D:4      | Killed Natasha
  2062 | D:4      | Reached skill level 5 in Polearms
  2062 | D:4      | Reached XP level 5. HP: 17/41 MP: 5/5
  2086 | D:4      | Killed from afar by an orc wizard

Skill      XL: |  1  2  3  4 |
---------------+-------------+-----
Throwing       | 1 2 |  2.0
Dodging        | 1 2 |  2.4
Polearms       | 4 5 |  5.2
Fighting       | |  3.5
Armour         | |  2.6
Shields        | |  3.0

Action                   |  1- 3 |  4- 6 || total
-------------------------+-------+-------++-------
Melee: Trident           |   119 |   107 ||   226
  Use: Potion            |       |     2 ||     2
  Eat: Chunk             |     1 |     3 ||     4
Armor: Scale mail        |    60 |    50 ||   110
Dodge: Dodged            |    33 |    26 ||    59
Block: Shield            |    66 |    35 ||   101
